 Dungeon Crawl Stone Soup version 0.29.1-13-g9f3cf754e1 (webtiles) character file.

Game seed: 3818180088106602081

19 DeadRuby the Trooper (level 2, -1/19 HPs)
             Began as a Kobold Fighter on Feb 10, 2023.
             Was a Follower of Kikubaaqudgha.
             Frozen to death by an endoplasm (5 damage)
             ... on level 1 of the Dungeon.
             The game lasted 00:06:19 (964 turns).

DeadRuby the Trooper (Kobold Fighter)                Turns: 964, Time: 00:06:28

Health: -1/19      AC:  6    Str: 13    XL:     2   Next: 95%
Magic:  2/2        EV: 10    Int:  9    God:    Kikubaaqudgha [*.....]
Gold:   1          SH:  5    Dex: 14    Spells: 1/1 levels left

rFire   . . .      SeeInvis .   n - +4 hand axe
rCold   . . .      Faith    .   c - +0 buckler
rNeg    . . .      Spirit   .   b - +0 scale mail
rPois   .          Reflect  .   (no helmet)
rElec   .          Harm     .   (no cloak)
rCorr   .          Rampage  .   (no gloves)
Will    .....                   (no boots)
Stlth   +.........              (no amulet)
HPRegen 0.06/turn               (no ring)
MPRegen 0.08/turn               (no ring)

@: no status effects
A: small, no large weapons, nightstalker 3
a: Renounce Religion, Unearth Wretches


You were on level 1 of the Dungeon.
You worshipped Kikubaaqudgha.
Kikubaaqudgha was aware of your devotion.
You visited 1 branch of the dungeon, and saw 1 of its levels.

You collected 1 gold pieces.

Inventory:

Hand Weapons
 a - a +0 rapier
 e - a +0 dagger
 f - a +0 dagger
 h - a +0 club
 i - a +0 dagger
 j - a +2 dagger of freezing
 m - a +0 club
 n - a +4 hand axe (weapon)
 p - a +1 dagger of distortion
Missiles
 g - 11 stones (quivered)
Armour
 b - a +0 scale mail (worn)
 c - a +0 buckler (worn)
 q - a +0 chain mail
Scrolls
 k - a scroll of teleportation {unknown}
 o - 2 scrolls of enchant armour {unknown}
Potions
 d - a potion of might
 l - 2 potions of haste {unknown}


   Skills:
 + Level 3.6 Fighting
 + Level 3.0 Short Blades
 + Level 2.5 Armour
 + Level 2.7 Shields


You had one spell level left.
You didn't know any spells.
Your spell library contained the following spells:

 Spells                   Type           Power      Damage    Failure   Level
 Necrotise                Necr           0%         1d4       96%         1
 Vampiric Draining        Necr           0%         2d6       100%        3
 Anguish                  Hex/Necr       0%         N/A       100%        4
 Animate Dead             Necr           0%         N/A       100%        4


Dungeon Overview and Level Annotations

Branches:
Dungeon (1/15)

Altars:
Kikubaaqudgha

Shops:
D:1 :


Innate Abilities, Weirdness & Mutations

You are small and have problems with some larger weapons.
You are completely attuned to the shadows.


Message History

You open the door.
There is an open door here.
There is an open door here.
Found Downyat's Vocational Training.
Found 2 scrolls labelled AWNACOCOLE.
o - 2 scrolls labelled AWNACOCOLE
There are no items here.
Found a stone.
g - 11 stones (gained 1)
There are no items here.
Found a runed dagger.
You see here a +1 dagger of distortion.
p - a +1 dagger of distortion
Found a chain mail.
You see here a +0 chain mail.
q - a +0 chain mail An endoplasm comes into view.
A kobold comes into view. It is wielding a +0 club.
The kobold shouts!
The endoplasm freezes you.
You are frozen.
You block the endoplasm's attack. The kobold closely misses you.
The endoplasm hits you but does no damage.
The endoplasm completely misses you. The kobold hits you with a +0 club.
You miss the kobold. You hit the endoplasm. The endoplasm freezes you.
You are frozen.
The kobold closely misses you.
You hit the kobold.
The kobold is severely wounded.
You hit the endoplasm. The endoplasm freezes you.
You are frozen.
* * * LOW HITPOINT WARNING * * *
The kobold hits you with a +0 club.
* * * LOW HITPOINT WARNING * * *
You block the kobold's attack. The endoplasm freezes you.
You are frozen.
You die...
Kikubaaqudgha rasps: "You have failed me!
Welcome... death!"

.....##......†....#
.....##...........#
.....##...##......#
.....#######......#
.....# #......#
.....# #......#
######## #......#
.......# #......#
...†...# #....@.##
.......#####...JK..#
.......#...........#
.......#....#+#....#
.......#....#.#....#
............#.#....#
............#.#....#
.......##...#.#....#
..#########......###


You could see an endoplasm and a kobold.

Vanquished Creatures
  An endoplasm (D:1)
  A giant cockroach (D:1)
  3 goblins (D:1)
  5 hobgoblins (D:1)
  A kobold (D:1)
  2 ball pythons (D:1)
  A bat (D:1)
  2 rats (D:1)
16 creatures vanquished.

Notes
Turn   | Place    | Note
-------+----------+-------------------------------------------
     0 | D:1      | DeadRuby the Kobold Fighter began the quest for the Orb.
     0 | D:1      | Reached XP level 1. HP: 14/14 MP: 1/1
   327 | D:1      | Reached XP level 2. HP: 13/19 MP: 2/2
   642 | D:1      | Found a faded altar of an unknown god.
   650 | D:1      | Prayed at the altar of an unknown god.
   650 | D:1      | Became a worshipper of Kikubaaqudgha
   650 | D:1      | Reached * piety under Kikubaaqudgha
   650 | D:1      | Received a gift from Kikubaaqudgha
   850 | D:1      | Found Downyat's Vocational Training.
   964 | D:1      | Frozen to death by an endoplasm

Illustrated notes

Levels and vault maps discovered:
D:1:      psy_arrival_statuary, layout_basic,
          dreamdust_ecumenical_altar_angels_and_demons, nicolae_shop_vocational

Skill      XL: |  1  2 |
---------------+-------+-----
Short Blades   | 3 |  3.0
Fighting       | |  3.6
Armour         | |  2.5
Shields        | |  2.7

Action                   || total
-------------------------++-------
Melee: Rapier            ||    42
       Hand axe          ||    13
  Use: Scroll            ||     1
Armor: Scale mail        ||    22
Dodge: Dodged            ||    46
Block: Buckler           ||    16
